 Dungeon Crawl Stone Soup version 0.29-a0-330-g52719c12eb (webtiles) character file.

Game seed: 16766290258796481521

457 night the Stinger (level 6, -4/44 HPs)
             Began as a Demonspawn Venom Mage on Apr 30, 2022.
             Slain by a black bear (5 damage)
             ... on level 4 of the Dungeon.
             The game lasted 00:14:26 (4868 turns).

night the Stinger (Demonspawn Venom Mage)           Turns: 4868, Time: 00:14:27

Health: -4/44      AC: 16    Str:  8    XL:     6   Next: 77%
Magic:  11/11      EV: 10    Int: 17    God:
Gold:   429        SH:  0    Dex: 13    Spells: 2/12 levels left

rFire   . . .      SeeInvis +   y - +0 war axe (vamp)
rCold   . . .      Faith    .   (no shield)
rNeg    . . .      Spirit   .   A - +5 ring mail of the New World {rCorr Int-2 Slay+4 SInv}
rPois   .          Reflect  .   (no helmet)
rElec   .          Harm     .   B - +2 cloak
rCorr   +          Rampage  .   s - +0 pair of gloves
Will    .....                   j - +0 pair of boots
Stlth   ..........              (no amulet)
HPRegen 0.14/turn               (no ring)
MPRegen 0.12/turn               (no ring)

@: confused, ambrosia-drunk
A: rugged brown scales 1, foul stench 2
a: no special abilities


You were on level 4 of the Dungeon.
You visited 1 branch of the dungeon, and saw 4 of its levels.
You also visited: Ossuary.

You collected 429 gold pieces.

Inventory:

Hand Weapons
 d - a +0 dagger
 g - a +0 rapier
 x - a +0 long sword
 y - a +0 vampiric war axe (weapon)
Missiles
 c - 97 stones
 l - 4 javelins
 u - 5 boomerangs
Armour
 a - a +0 robe
 j - a +0 pair of boots (worn)
 s - a +0 pair of gloves (worn)
 A - the +5 ring mail of the New World (worn) {rCorr Int-2 Slay+4 SInv}
   (You found it on level 3 of the Dungeon)

   Int:       It affects your intelligence (-2).
   Slay:      It affects your accuracy & damage with ranged weapons and melee
   (+4).
   SInv:      It lets you see invisible.
   rCorr:     It protects you from acid and corrosion.
 B - a +2 cloak (worn)
Wands
 z - a wand of flame (20)
Scrolls
 i - 2 scrolls of amnesia
 n - a scroll of vulnerability
 o - a scroll of holy word {unknown}
 p - a scroll of fog {unknown}
 q - 3 scrolls of teleportation {unknown}
 r - 2 scrolls of enchant weapon {unknown}
 w - a scroll of noise {unknown}
 C - a scroll of acquirement {unknown}
Potions
 b - a potion of magic
 e - a potion of ambrosia
 h - a potion of haste {unknown}
 k - a potion of lignification {unknown}
 m - 2 potions of heal wounds {unknown}
 t - 2 potions of might {unknown}
 v - a potion of brilliance {unknown}


   Skills:
 + Level 1.1 Fighting
 + Level 1.0 Axes
 - Level 2.5 Bows
 + Level 1.0 Armour
 - Level 1.7 Dodging
 - Level 1.7 Stealth
 + Level 3.7 Spellcasting
 - Level 2.8 Transmutations
 + Level 4.5 Poison Magic


You had 2 spell levels left.
You knew the following spells:

 Your Spells              Type           Power      Damage    Failure   Level
a - Sting                 Tmut/Pois      60%        1d6       11%         1
b - Poisonous Vapours     Pois/Air       20%        N/A       30%         2
c - Mephitic Cloud        Conj/Pois/Air  8%         N/A       63%         3
d - Olgreb's Toxic Radia  Pois           18%        N/A       58%         4

Your spell library contained the following spells:

 Spells                   Type           Power      Damage    Failure   Level
 Call Canine Familiar     Summ           3%         N/A       83%         3
 Portal Projectile        Hex/Tloc       6%         N/A       83%         3
 Tukima's Dance           Hex            3%         N/A       83%         3
 Leda's Liquefaction      Hex/Erth       1%         N/A       99%         4
 Passage of Golubria      Tloc           3%         N/A       99%         4
 Yara's Violent Unravell  Hex/Tmut       3%         3d4       100%        5


Dungeon Overview and Level Annotations

Branches:
Dungeon (4/15)            Ossuary (visited)
 Temple: D:4-7

Altars:


Innate Abilities, Weirdness & Mutations

You are partially covered in rugged brown scales. (AC +1, +3% HP)
You sometimes emit foul miasma when damaged in melee.


Message History

Press: ? - help, Shift-Dir - straight line, f - black bear
Aim: a black bear (heavily wounded, 81% to hit)
The sting hits the black bear.
The black bear is poisoned.
The black bear is severely wounded.
You kill Edmund!
The black bear misses you. The black bear barely misses you.
The black bear claws you.
* * * LOW HITPOINT WARNING * * *
Your Fighting skill increases to level 1!
Your Axes skill increases to level 1!
Your Armour skill increases to level 1!
The black bear attacks as you move away!
The black bear bites you but does no damage.
The black bear claws you but does no damage. x2
You see here a +0 ring mail.
The black bear attacks as you move away!
The black bear bites you but does no damage.
The black bear barely misses you. x2; The black bear goes berserk!
You hit the black bear.
You feel better.
The black bear is almost dead.
The black bear barely misses you. The black bear closely misses you.
The black bear claws you.
* * * LOW HITPOINT WARNING * * *
The black bear bites you.
* * * LOW HITPOINT WARNING * * *
The black bear completely misses you.
The black bear claws you but does no damage.
You feel better. The black bear bites you.
* * * LOW HITPOINT WARNING * * *
The black bear barely misses you.
The black bear claws you but does no damage.
Okay, then.
You are confused.
You feel invigorated.
The black bear looks more healthy.
The black bear bites you.
* * * LOW HITPOINT WARNING * * *
The black bear barely misses you.
The black bear claws you but does no damage.
The black bear bites you but does no damage.
The black bear claws you.
You die...

...#.......####.........#
#....#....# #..........# #
##..###.....<.## #..........###
..............# #..........##.
......#.......## #..........##.
.....#........# #..........##.
...#.#...#..###..........##.
#...#...................##.
###[.#....#@..#..........#..
##......#..#h#.#............#
#........J.[>#.........##<.##
#...##†.##.#......####..#..##
#.....##..#..##...............#
..##.....)..###...............#
. .......##.###...............#
##.....##.......#...........#
#.....##.......##.#........#


You could see a black bear (berserk).

Vanquished Creatures
  Edmund (D:4)
  An orc priest (D:4)
  2 hounds (D:4)
  2 mummies (Ossuary)
  4 gnolls
  6 adders
  3 worms (D:2)
  2 dart slugs
  13 orcs
  5 endoplasms
  A giant cockroach (D:1)
  11 goblins
  4 hobgoblins
  14 jackals
  2 quokkas
  5 ball pythons
  4 bats
  4 frilled lizards
  6 gnoll zombies (Ossuary)
  4 goblin zombies (Ossuary)
  4 hobgoblin zombies (Ossuary)
  9 kobolds
  7 rats
114 creatures vanquished.

Notes
Turn   | Place    | Note
-------+----------+-------------------------------------------
     0 | D:1      | night the Demonspawn Venom Mage began the quest for the
                  | Orb.
     0 | D:1      | Reached XP level 1. HP: 13/13 MP: 3/3
    67 | D:1      | Reached skill level 1 in Transmutations
   241 | D:1      | Gained mutation: You may rarely emit foul miasma when
                  | damaged in melee. [demonic ancestry]
   241 | D:1      | Reached XP level 2. HP: 16/19 MP: 0/5
   421 | D:1      | Learned a level 2 spell: Poisonous Vapours
  1013 | D:1      | Reached skill level 1 in Bows
  1013 | D:1      | Gained mutation: You are partially covered in rugged brown
                  | scales. (AC +1, +3% HP) [demonic ancestry]
  1013 | D:1      | Reached XP level 3. HP: 19/24 MP: 3/6
  1288 | D:1      | Learned a level 3 spell: Mephitic Cloud
  1537 | D:2      | Found a faded altar of an unknown god.
  2333 | D:2      | Reached XP level 4. HP: 30/30 MP: 2/7
  2865 | D:2      | Reached skill level 2 in Transmutations
  3628 | D:3      | Gained mutation: You sometimes emit foul miasma when
                  | damaged in melee. [demonic ancestry]
  3628 | D:3      | Reached XP level 5. HP: 36/36 MP: 3/9
  4029 | D:3      | Identified the +5 ring mail of the New World {rCorr Int-2
                  | Slay+4 SInv}
  4090 | D:3      | Reached skill level 2 in Bows
  4090 | D:3      | Reached skill level 4 in Poison Magic
  4465 | D:3      | Learned a level 4 spell: Olgreb's Toxic Radiance
  4486 | D:4      | Found a sand-covered staircase.
  4496 | Ossuary  | Entered an ossuary
  4795 | D:4      | Reached XP level 6. HP: 37/42 MP: 9/11
  4838 | D:4      | Noticed Edmund
  4854 | D:4      | HP: 6/42 [Edmund/+3 flail of protection (6)]
  4861 | D:4      | Killed Edmund
  4862 | D:4      | Reached skill level 1 in Fighting
  4862 | D:4      | Reached skill level 1 in Axes
  4862 | D:4      | Reached skill level 1 in Armour
  4866 | D:4      | HP: 4/44 [black bear (6)]
  4866 | D:4      | HP: 1/44 [black bear (3)]
  4868 | D:4      | Slain by a black bear

Illustrated notes

Levels and vault maps discovered:
D:1:      matt_arrival_refuge, layout_loops_cross
D:2:      layout_loops_corners, hellmonk_ecumenical_altar_blasted,
          hangedman_decor_lopped, mrwooster_statue_mirror
D:3:      layout_basic, hangedman_decor_points
D:4:      layout_rooms, nicolae_ossuary_entry_monument, uniq_edmund

Skill      XL: |  1  2  3  4  5  6 |
---------------+-------------------+-----
Transmutations | 1 2 |  2.8
Bows           | 1 2 |  2.5
Spellcasting   | 3 |  3.7
Poison Magic   | 4 |  4.5
Fighting       | 1 |  1.1
Axes           | 1 |  1.0
Armour         | 1 |  1.0
Dodging        | |  1.7
Stealth        | |  1.7

Action                   |  1- 3 |  4- 6 || total
-------------------------+-------+-------++-------
Melee: Dagger            |    50 |       ||    50
       Punch             |     2 |     2 ||     4
       Rapier            |    16 |    23 ||    39
       War axe           |       |   105 ||   105
       Long sword        |       |     6 ||     6
 Cast: Sting             |    35 |    18 ||    53
       Poisonous Vapours |    26 |    22 ||    48
       Olgreb's Toxic Ra |       |     1 ||     1
  Use: Scroll            |     2 |       ||     2
       Potion            |       |     4 ||     4
 Stab: Sleeping          |     5 |     1 ||     6
Armor: Robe              |    25 |    29 ||    54
       Ring mail         |       |    96 ||    96
Dodge: Dodged            |    70 |   157 ||   227

Table legend: (Time is in decaauts)
 A = Elapsed time spent in this place.
 B = Non-inter-level travel time spent in this place.
 C = Inter-level travel time spent in this place.
 D = Time resting spent in this place.
 E = Time spent auto-exploring this place.
 F = Levels seen in this place.
 G = Mean time per level.
                   A        B        C        D        E       F      G
               +--------+--------+--------+--------+--------+-----+--------+
         Total |   4933 |   4831 |    102 |   1021 |   2774 |   5 |  986.6 |
       Dungeon |   4693 |   4591 |    102 |    971 |   2690 |   4 | 1173.2 |
       Ossuary |    239 |    239 |      0 |     50 |     84 |   1 |  239.0 |
               +--------+--------+--------+--------+--------+-----+--------+

Top non-repeatable levels by time:
     D:2: 2190 daAuts
     D:1: 1319 daAuts
     D:3: 988 daAuts
 Ossuary: 239 daAuts
     D:4: 195 daAuts
